 Dungeon Crawl Stone Soup version 0.25-a0-190-g27fffb8c76 (webtiles) character file.

Game seed: 15113463722799314370, levelgen mode: deterministic

24389 MirrMurr the Spear-Bearer (level 12, -7/95 HPs)
             Began as a Demonspawn Berserker on Nov 30, 2019.
             Was an Elder of Trog.
             Killed from afar by a raiju (9 damage)
             ... with a living lightning
             ... on level 3 of the Abyss.
             The game lasted 00:37:39 (16642 turns).

MirrMurr the Spear-Bearer (Demonspawn Berserker)   Turns: 16642, Time: 00:37:39

Health: -7/95      AC: 20    Str: 21    XL:     12   Next: 80%
Magic:  0/21       EV: 15    Int:  9    God:    Trog [****..]
Gold:   731        SH:  9    Dex: 20    Spells: 11/11 levels left

rFire    + . .     SeeInvis .   a - +0 trident
rCold    + . .     Gourm    .   G - +3 buckler of the Lotus Blossom {rN+ Dex+2}
rNeg     + . .     Faith    .   C - +0 plate armour
rPois    .         Spirit   +   o - +1 helmet
rElec    .         Reflect  .   (no cloak)
rCorr    .         Harm     .   M - +2 pair of gloves
MR       ++...                  A - +0 pair of boots
Stlth    ..........             (no amulet)
HPRegen  1.25/turn              E - ring of magical power
MPRegen  0.34/turn              B - ring of Heipuret {+Fly rF+ Dex+4 Slay+3}

@: regenerating
A: cold resistance 1, magic shield, magic regeneration, magic link, freezing
cloud immunity, sturdy frame 3
a: Berserk, Trog's Hand, Brothers in Arms, Renounce Religion, Evoke Flight


You were on level 3 of the Abyss.
You worshipped Trog.
Trog was greatly pleased with you.
You were not hungry.

You visited 2 branches of the dungeon, and saw 13 of its levels.
You visited the Abyss 1 time.
You also visited: Sewer and Bailey.

You collected 731 gold pieces.

Inventory:

Hand Weapons
 a - a +0 trident (weapon)
Missiles
 e - 303 stones
 f - 5 javelins (quivered)
 p - 2 throwing nets {!f}
 v - 7 silver javelins
 y - 50 poisoned darts
 F - 74 sling bullets
Armour
 o - a +1 helmet (worn)
 A - a +0 pair of boots (worn)
 C - a +0 plate armour (worn)
 G - the +3 buckler of the Lotus Blossom (worn) {rN+ Dex+2}
   (You found it on level 9 of the Dungeon)

   It affects your dexterity (+2).
   It protects you from negative energy.
 M - a +2 pair of gloves (worn)
Jewellery
 B - the ring of Heipuret (right hand) {+Fly rF+ Dex+4 Slay+3}
   (You found it on level 1 of the Lair of Beasts)

   [ring of flight]

   It affects your dexterity (+4).
   It affects your accuracy and damage with ranged weapons and melee attacks
   (+3).
   It protects you from fire.
   It lets you fly.
 E - a ring of magical power (left hand)
 I - an uncursed ring of protection from magic
 K - an uncursed ring of flight
Wands
 k - a wand of polymorph (9)
 m - a wand of acid (28)
 u - a wand of flame (31)
 D - a wand of clouds (2)
 H - a wand of iceblast (8)
Scrolls
 i - a scroll of identify
 l - a scroll of fear
 r - 5 scrolls of remove curse
 t - a scroll of enchant weapon
 x - 3 scrolls of magic mapping
Potions
 b - a potion of magic
 d - 8 potions of flight
 g - 18 potions of curing
 h - 2 potions of might
 j - 4 potions of haste
 n - a potion of cancellation
 q - a potion of agility
 w - 2 potions of mutation
 z - 12 potions of degeneration
 L - 2 potions of heal wounds
Comestibles
 c - 14 rations


   Skills:
 + Level 9.2 Fighting
 * Level 13.7 Polearms
 + Level 8.2 Armour
 + Level 8.1 Dodging
 - Level 4.0 Shields


You had 11 spell levels left.
You didn't know any spells.
Your spell library was empty.

Dungeon Overview and Level Annotations

Branches:
Dungeon (11/15)            Temple (0/1) D:6            Lair (2/6) D:8
    Orc (0/2) D:10          Sewer (visited)          Bailey (visited)
  Swamp: Lair:2-4    Shoals: Lair:2-4     Snake: Lair:2-4    Spider: Lair:2-4

Altars:
Ashenzari
Cheibriados
Dithmenos
Fedhas
Gozag
Okawaru
Ru
Sif Muna
Wu Jian
Xom

Shops:
D:5 :   D:9 ?

Portals:
Trove: D:10 (give 7 potions of agility)

Annotations:
D:10 dig
Lair:2 Sonja


Innate Abilities, Weirdness & Mutations

Your flesh is cold resistant. (rC+)
When hurt, damage is shared between your health and your magic reserves.
You regenerate magic rapidly.
When low on magic, you restore magic in place of health.
You are immune to freezing clouds.
Your movements are significantly less encumbered by armour. (ER -6)


Message History

The raiju blinks! x5
The raiju bursts into living lightning!
The living lightning hits the raiju.
The raiju completely resists.
The living lightning hits the thrashing horror!
The thrashing horror resists.
The living lightning hits you!!
* * * LOW HITPOINT WARNING * * *
The living lightning hits the raiju.
The raiju completely resists.
The raiju blinks! x5
You puncture the raiju!
The raiju is severely wounded.
You feel the effects of Trog's Hand fading.
The thrashing horror tramples you but does no damage.
You block the thrashing horror's attack.
The raiju misses you.
The thrashing horror tramples you but does no damage.
The thrashing horror barely misses you.
The raiju bursts into living lightning!
The living lightning hits the thrashing horror.
The thrashing horror resists.
The living lightning hits you!
You die...

.. . . . #
..# . .
§.. ## .
## #.##.#
. .#h.§.#
#####h.#.#
.
#....X#.##
#. . #@.#
. # . #h##
##### ## #


You could see a thrashing horror and 3 raiju.

Vanquished Creatures
  A lich (Abyss:2)
  A hydra (Lair:1)
  A two-headed ogre (D:9)
  2 thrashing horrors
  Nergalle (D:11)
  A spatial maelstrom (Abyss:3)
  An orc knight (Bailey)
  An ugly thing (D:11)
  A manticore (D:11)
  3 spiny frogs (Lair:1)
  A smoke demon (Abyss:3)
  A guardian serpent (Abyss:3)
  An orange demon (Abyss:2)
  A komodo dragon (D:11)
  2 trolls
  A raiju (Abyss:3)
  A meliai zombie (D:11)
  3 hippogriffs
  Prince Ribbit (D:6)
  Sigmund (D:3)
  3 wyverns
  A steam dragon (D:11)
  A chaos spawn (Abyss:2)
  A water moccasin (D:9)
  A soldier ant (Lair:2)
  3 porcupines
  2 sky beasts
  13 orc warriors
  An eye of draining (Abyss:2)
  3 ice beasts
  3 phantoms
  A swamp drake (D:10)
  A necrophage (D:11)
  5 ogres
  4 wolves
  4 centaurs
  3 crocodiles (Lair:1)
  2 big kobolds
  5 bullfrogs
  A gnoll sergeant (D:6)
  3 scorpions
  8 wights
  6 howler monkeys
  An electric eel (D:8)
  4 crimson imps
  3 centaur zombies
  A bullfrog zombie (D:7)
  9 jellies
  A quasit (D:11)
  3 centaur skeletons
  10 hounds
  A bullfrog skeleton (D:4)
  6 orc priests
  2 iguanas
  5 worker ants
  10 orc wizards
  Ijyb (D:4)
  A hound zombie (D:11)
  2 worker ant zombies
  4 gnolls (D:11)
  8 adders
  2 river rats (Sewer)
  A shadow imp (D:5)
  7 oozes
  2 adder skeletons
  8 worms
  3 dart slugs
  46 orcs
  3 giant cockroaches
  5 goblins
  5 hobgoblins
  7 jackals
  9 kobolds
  4 quokkas
  7 bats
  7 frilled lizards
  A quokka zombie (D:5)
  12 rats
302 creatures vanquished.

Vanquished Creatures (others)
  Erica (D:11)
  A wight (D:11)
2 creatures vanquished.

Grand Total: 304 creatures vanquished

Notes
Turn   | Place    | Note
-------+----------+-------------------------------------------
     0 | D:1      | MirrMurr the Demonspawn Berserker began the quest for the
                  | Orb.
     0 | D:1      | Reached XP level 1. HP: 18/18 MP: 1/1
   312 | D:1      | Gained mutation: Your flesh is cold resistant. (rC+)
                  | [demonic ancestry]
   312 | D:1      | Reached XP level 2. HP: 24/24 MP: 2/2
   364 | D:1      | Reached skill level 3 in Polearms
   873 | D:2      | Reached XP level 3. HP: 11/29 MP: 3/3
  1371 | D:2      | You fall into a shaft and drop 2 floors!
  1419 | D:3      | Found a glowing drain.
  1459 | Sewer    | Entered a sewer
  1469 | Sewer    | Gained mutation: When hurt, damage is shared between your
                  | health and your magic reserves. [demonic ancestry]
  1469 | Sewer    | Reached XP level 4. HP: 28/35 MP: 4/4
  1648 | Sewer    | Noticed a big kobold
  1664 | Sewer    | Reached ** piety under Trog
  1716 | Sewer    | Killed a big kobold
  1716 | Sewer    | Gained mutation: You are immune to freezing clouds.
                  | [demonic ancestry]
  1716 | Sewer    | Reached XP level 5. HP: 27/42 MP: 3/5
  1859 | Sewer    | Found a glowing silver altar of Zin.
  1946 | D:2      | Found a shimmering blue altar of Sif Muna.
  1946 | D:2      | Found an ornate altar of the Wu Jian Council.
  1948 | D:2      | Found an iron altar of Okawaru.
  2581 | D:3      | Reached skill level 4 in Polearms
  2848 | D:3      | Found an opulent altar of Gozag.
  3103 | D:3      | Noticed Sigmund
  3130 | D:3      | Killed Sigmund
  3130 | D:3      | Gained mutation: You regenerate magic rapidly. [demonic
                  | ancestry]
  3130 | D:3      | Reached XP level 6. HP: 35/48 MP: 6/6
  3497 | D:4      | Found a snail-covered altar of Cheibriados.
  3623 | D:4      | Reached *** piety under Trog
  3886 | D:4      | Reached skill level 5 in Polearms
  3896 | D:4      | Found a sacrificial altar of Ru.
  3993 | D:4      | Gained mutation: Your movements are slightly less
                  | encumbered by armour. (ER -2) [demonic ancestry]
  3993 | D:4      | Reached XP level 7. HP: 52/55 MP: 7/7
  4082 | D:4      | Noticed Ijyb
  4102 | D:4      | Killed Ijyb
  4335 | D:5      | Entered Level 5 of the Dungeon
  4335 | D:5      | Found a shimmering altar of Xom.
  4416 | D:4      | Found a blossoming altar of Fedhas.
  4514 | D:5      | Found a shattered altar of Ashenzari.
  4558 | D:5      | Found an iron altar of Okawaru.
  4764 | D:5      | Found Tidalomu's Book Emporium.
  5456 | D:6      | Reached skill level 5 in Fighting
  5456 | D:6      | Reached skill level 6 in Polearms
  5456 | D:6      | Reached XP level 8. HP: 57/62 MP: 8/8
  5927 | D:6      | Found a staircase to the Ecumenical Temple.
  7009 | D:7      | Found a shadowy altar of Dithmenos.
  7039 | D:7      | Reached skill level 7 in Polearms
  7195 | D:7      | Noticed Prince Ribbit
  7218 | D:6      | Killed Prince Ribbit
  7218 | D:6      | Reached skill level 5 in Armour
  7218 | D:6      | Reached skill level 5 in Dodging
  7218 | D:6      | Gained mutation: When low on magic, you restore magic in
                  | place of health. [demonic ancestry]
  7218 | D:6      | Reached XP level 9. HP: 32/69 MP: 9/9
  7819 | D:8      | Received a gift from Trog
  8006 | D:8      | Found a staircase to the Lair.
  8274 | D:8      | Noticed a troll
  8289 | D:8      | Killed a troll
  8289 | D:8      | Reached skill level 8 in Polearms
  8467 | D:8      | Reached **** piety under Trog
  8983 | D:9      | Got a twitching brass ring
  8985 | D:9      | Identified the ring "Weekhlec" {*Tele Str+6} (You found it
                  | on level 9 of the Dungeon)
  9150 | D:9      | Found Boic's Magic Scroll Shoppe.
  9344 | D:9      | Reached XP level 10. HP: 79/79 MP: 10/10
  9599 | D:9      | Noticed a two-headed ogre
  9608 | D:9      | Killed a two-headed ogre
  9608 | D:9      | Reached skill level 9 in Polearms
 10299 | D:9      | Got a spiked buckler
 10305 | D:9      | Identified the +3 buckler of the Lotus Blossom {rN+ Dex+2}
                  | (You found it on level 9 of the Dungeon)
 10383 | D:10     | Entered Level 10 of the Dungeon
 10456 | D:10     | Found a portal to a secret trove of treasure.
 10689 | D:10     | Found a staircase to the Orcish Mines.
 10843 | D:10     | Found a flagged portal.
 10853 | Bailey   | Entered a bailey
 10895 | Bailey   | Reached skill level 1 in Shields
 11947 | Bailey   | Reached skill level 12 in Polearms
 11947 | Bailey   | Gained mutation: Your movements are less encumbered by
                  | armour. (ER -4) [demonic ancestry]
 11947 | Bailey   | Reached XP level 11. HP: 85/85 MP: 11/11
 11948 | Bailey   | Noticed an orc knight
 12000 | Bailey   | Killed an orc knight
 12590 | D:10     | Received a gift from Trog
 13290 | D:11     | Noticed Nergalle
 13290 | D:11     | Noticed Erica
 13316 | D:11     | Killed Nergalle
 13679 | D:11     | Killed Erica
 14258 | D:11     | Gained mutation: Your movements are significantly less
                  | encumbered by armour. (ER -6) [demonic ancestry]
 14258 | D:11     | Reached XP level 12. HP: 86/92 MP: 12/12
 14470 | D:11     | Received a gift from Trog
 14678 | Lair:1   | Entered Level 1 of the Lair of Beasts
 15110 | Lair:1   | Got a vibrating glass ring
 15194 | Lair:1   | Noticed a seven-headed hydra
 15213 | Lair:1   | Killed a seven-headed hydra
 15213 | Lair:1   | Reached skill level 13 in Polearms
 16021 | Lair:2   | Identified the ring of Heipuret {+Fly rF+ Dex+4 Slay+3}
                  | (You found it on level 1 of the Lair of Beasts)
 16087 | Lair:2   | Noticed Sonja
 16091 | Lair:2   | Cast into level 2 of the Abyss (Sonja)
 16249 | Abyss:2  | Noticed a lich
 16265 | Abyss:2  | Killed a lich
 16290 | Abyss:2  | Noticed a starcursed mass
 16298 | Abyss:2  | Paralysed by accursed screaming for 1 turns
 16300 | Abyss:2  | Paralysed by accursed screaming for 2 turns
 16352 | Abyss:3  | Found a corrupted altar of Lugonu.
 16641 | Abyss:3  | HP: 2/95 [raiju/living lightning (10)]
 16642 | Abyss:3  | Killed from afar by a raiju

Levels and vault maps discovered:
D:1:      kilobyte_arrival_exit_the_forest, layout_rooms
D:2:      layout_loops_ring, chequers_temple_overflow_statue_of_worship,
          first_ration
D:3:      layout_loops_ring, grunt_gozag_breadcrumbs,
          cheibrodos_sewer_entry_drain, uniq_sigmund
D:4:      layout_basic, nicolae_ru_sacrificial_ziggurat, kennysheep_slug_shrine,
          nicolae_overflow_hidden_temple, uniq_ijyb
D:5:      layout_cave_pods, overflow_temple_1_default, old_standard_altar,
          serial_shops, shop, okawaru_trees_1
D:6:      layout_rooms, temple_statues, chequers_serial_rivers_micro_d,
          minmay_diced_spiral
D:7:      layout_basic, grunt_dithmenos_smoke_and_mirrors, uniq_prince_ribbit1
D:8:      layout_loops_cross, erik_lair_island
D:9:      layout_long_grid, serial_shops, shop, grunt_ministairs_12, uniq_joseph
D:10:     layout_loops_ring, erik_orc_1, enter_bailey_2, enter_trove_0,
          hangedman_little_slice_of_home, due_unseen_surprise
D:11:     layout_loops_ring, uniq_nergalle, uniq_erica
Lair:1:   layout_regular_city, grunt_megastairs_5
Lair:2:   layout_long_grid, minmay_snake_entry_six_corridors, special_room
          [special_room_bee], minivault_29, infiniplex_staircase_pool_2,
          uniq_sonja
Abyss:3:  base: D:1, hangedman_decor_riveting

Skill      XL: |  1  2  3  4  5  6  7  8  9 10 11 12 |
---------------+-------------------------------------+-----
Polearms       | 3 4 5 6 7 8 12 13 | 13.7
Armour         | 2 3 4 5 6 7 8 |  8.2
Dodging        | 2 3 4 5 6 7 8 |  8.1
Fighting       | 4 5 7 8 9 |  9.2
Shields        | 1 3 4 |  4.0

Action                   |  1- 3 |  4- 6 |  7- 9 | 10-12 || total
-------------------------+-------+-------+-------+-------++-------
Melee: Spear             |   110 |   198 |       |       ||   308
       Trident           |       |    18 |   598 |  1002 ||  1618
Invok: Berserk           |     1 |     2 |     6 |     9 ||    18
       Trog's Hand       |       |       |     4 |    10 ||    14
  Use: Scroll            |     4 |     3 |    13 |     7 ||    27
       Potion            |       |       |       |     2 ||     2
 Stab: Sleeping          |     1 |       |       |       ||     1
  Eat: Chunk             |     2 |    10 |    14 |    22 ||    48
       Ration            |       |       |     3 |     5 ||     8
Armor: Animal skin       |     1 |       |       |       ||     1
       Ring mail         |     9 |       |       |       ||     9
       Scale mail        |     7 |    48 |       |       ||    55
       Chain mail        |       |       |   156 |       ||   156
       Skin              |       |       |     7 |       ||     7
       Plate armour      |       |       |   136 |   272 ||   408
Dodge: Dodged            |    39 |    61 |   290 |   351 ||   741
Block: Buckler           |       |       |       |   211 ||   211

Table legend:
 A = Non-vault XP
 B = Vault XP
 C = Vault XP percentage of total XP
 D = Non-vault monster count
 E = Vault monster count
 F = Vault count percentage of total count
                 A         B        C        D         E       F
            +---------+---------+-------+---------+---------+-------
      Total |   20416 |    5952 |  22.6 |     218 |      85 |  28.1
            +---------+---------+-------+---------+---------+-------
        D:1 |      38 |       0 |   0.0 |      20 |       0 |   0.0
        D:2 |      41 |       0 |   0.0 |      13 |       0 |   0.0
        D:3 |      49 |     230 |  82.4 |      18 |       3 |  14.3
        D:4 |     409 |      36 |   8.1 |      13 |       2 |  13.3
        D:5 |     367 |       0 |   0.0 |      13 |       0 |   0.0
        D:6 |     562 |     516 |  47.9 |      13 |       5 |  27.8
        D:7 |     559 |       0 |   0.0 |      11 |       0 |   0.0
        D:8 |     908 |     865 |  48.8 |      23 |       9 |  28.1
        D:9 |    2449 |     132 |   5.1 |      23 |       1 |   4.2
       D:10 |     521 |     759 |  59.3 |       6 |      25 |  80.6
       D:11 |    3824 |     785 |  17.0 |      38 |       1 |   2.6
     Lair:1 |    3464 |     397 |  10.3 |      14 |       1 |   6.7
     Lair:2 |     236 |     216 |  47.8 |       2 |       3 |  60.0
    Abyss:2 |    4417 |       0 |   0.0 |       6 |       0 |   0.0
    Abyss:3 |    2572 |       0 |   0.0 |       5 |       0 |   0.0
      Sewer |       0 |     130 | 100.0 |       0 |       9 | 100.0
     Bailey |       0 |    1886 | 100.0 |       0 |      26 | 100.0
            +---------+---------+-------+---------+---------+-------
